Map: Prion Terraces

Players

SomeWeek

  • Race: Protoss Protoss
  • League: Gold

LilDicky - Winner!

  • Race: Terran Terran
  • League: Diamond

VOD

http://www.twitch.tv/tumescentpie

Description

Time

  • Played on: Nov. 24, 2015, 5:27 p.m.
  • Length: 5:26
Show
View Real Time Build Order
Export as new Build Order

SomeWeek Protoss 

Build Orders: Dark Templar Rush 

Get SALT Encoding   

  12  0:02  Probe (Chrono Boost)  
  13  0:13  Pylon  
  13  0:18  Probe (Chrono Boost)  
  15  0:28  Probe (Chrono Boost)  
  15  0:39  Probe (Chrono Boost)  
  15  0:41  Gateway  
  16  0:49  Probe (Chrono Boost)  
  17  0:50  Assimilator  
  17  1:00  Assimilator  
  17  1:15  Probe (Chrono Boost)  
  18  1:21  Pylon  
  19  1:25  Probe (Chrono Boost)  
  19  1:29  Cybernetics Core  
  19  1:36  Probe (Chrono Boost)  
  20  1:47  Probe (Chrono Boost)  
  21  1:57  Probe (Chrono Boost)  
  22  2:06  Twilight Council  
  22  2:07  Probe (Chrono Boost)  
  23  2:11  Warp Gate (Chrono Boost)  
  23  2:19  Probe  
  24  2:31  Mothership Core  
  24  2:33  Gateway  
  24  2:35  Gateway  
  26  2:50  Dark Shrine  
  26  3:01  Pylon  
  24  3:22  Forge  
  24  3:39  Pylon  
  23  4:04  Pylon  
  20  4:17  Probe  
  21  4:29  Dark Templar x2  
  21  4:30  Dark Templar  
  27  4:41  Photon Cannon  
  27  4:44  Probe  
  24  4:56  Probe  
  23  5:09  Probe  
  16  5:22  Photon Cannon  
Show
View Real Time Build Order
Export as new Build Order

LilDicky Terran - Winner!

Build Orders: MMM Bio 

Get SALT Encoding   

  12  0:01  SCV  
  13  0:13  SCV  
  14  0:19  Supply Depot  
  14  0:26  SCV  
  15  0:30  Refinery  
  15  0:41  SCV  
  16  0:45  Barracks  
  16  0:53  SCV  
  17  1:05  SCV  
  18  1:17  SCV  
  19  1:29  SCV  
  20  1:34  Supply Depot, Marine  
  20  1:38  Factory  
  21  1:41  Orbital Command  
  21  1:53  Marine  
  22  2:02  Barracks  
  22  2:05  Barracks  
  22  2:10  SCV  
  22  2:13  Barracks Reactor  
  23  2:22  SCV  
  24  2:33  Supply Depot  
  24  2:34  SCV  
  24  2:35  Refinery, Widow Mine  
  27  2:46  SCV  
  28  2:57  Barracks Tech Lab x2  
  28  2:58  SCV  
  28  3:03  Widow Mine  
  28  3:05  Marine x2  
  32  3:10  SCV  
  34  3:18  Stimpack  
  33  3:20  Marine x2  
  33  3:23  SCV  
  33  3:26  Supply Depot, Marine x2  
  38  3:38  Marine  
  39  3:47  Widow Mine, Marine x2  
  43  3:50  Supply Depot, Combat Shields  
  43  3:51  Marine  
  44  3:56  Marine  
  43  4:06  Marauder  
  45  4:10  Engineering Bay  
  45  4:14  Marauder  
  47  4:26  Widow Mine  
  47  4:28  Marauder, Marine x2  
  51  4:34  Supply Depot  
  51  4:36  Marauder  
  53  4:41  Missile Turret  
  53  4:46  Marine  
  54  4:55  Marauder  
  52  5:08  Missile Turret  
  55  5:15  Supply Depot  
  55  5:21  Missile Turret  
Tags
 
Add a new tag
Caveats
  • Supply blocks, unpowered buildings, or Contaminate may cause inaccurate times.
  • Supply counts are checked every 10 seconds.